 Dungeon Crawl Stone Soup version 0.31.0-12-g77e489cdc1 (webtiles) character file.

Game seed: 10728612244553673613

2045 olmar the Basher (level 9, 0/69 HPs)
             Began as a Demonspawn Gladiator on Feb 22, 2024.
             Was a High Priest of Jiyva.
             Slain by a cyan ugly thing (13 damage)
             ... on level 7 of the Dungeon.
             The game lasted 00:08:48 (4211 turns).

olmar the Basher (Demonspawn Gladiator)             Turns: 4211, Time: 00:08:48

Health: 0/69       AC:  4    Str: 18    XL:     9   Next: 4%
Magic:  9/9        EV: 13    Int: 15    God:    Jiyva [*****.]
Gold:   370        SH:  6    Dex: 15    Spells: 8/8 levels left

rFire   . . .        a - +0 flail
rCold   . . .        (no shield)
rNeg    . . .        b - +0 leather armour
rPois   .            c - +0 helmet
rElec   .            (no cloak)
rCorr   +            (no gloves)
SInv    +            (no boots)
Will    .....        (no amulet)
Stlth   +++          g - +6 ring of intelligence
HPRegen 2.55/turn    (no ring)
MPRegen 0.83/turn

%: no passive effects
@: mighty, hasted, very quick
A: large bone plates 2, powered by pain 1, spiny 1, weakness stinger 1,
regeneration 1, eyeballs 3, translucent skin 1, jelly absorbing missiles
a: Renounce Religion, Oozemancy, Slimify


You were on level 7 of the Dungeon.
You worshipped Jiyva.
Jiyva was extremely pleased with you.
You visited 1 branch of the dungeon, and saw 7 of its levels.

You collected 370 gold pieces.

Inventory:

Hand Weapons
 a - a +0 flail (weapon)
 d - a +1 rapier of venom
 s - a +0 spectral whip
Missiles
 e - a javelin
 n - 4 atropa-tipped darts
 r - 8 poisoned darts (quivered)
Armour
 b - a +0 leather armour (worn)
 c - a +0 helmet (worn)
Jewellery
 g - a +6 ring of intelligence (left hand)
Wands
 p - a wand of digging (5)
Scrolls
 f - a scroll of enchant armour {unknown}
 l - a scroll of vulnerability {unknown}
 m - a scroll of immolation {unknown}
 o - a scroll of noise {unknown}
 u - a scroll of acquirement {unknown}
 x - a scroll of blinking {unknown}
Potions
 h - 2 potions of curing
 j - a potion of attraction
 q - a potion of degeneration {unknown}
 v - a potion of magic {unknown}


   Skills:
 + Level 5.9 Fighting
 + Level 8.0 Maces & Flails
 - Level 2.0 Throwing
 + Level 3.6 Armour
 - Level 4.0 Dodging
 - Level 2.1 Stealth
 - Level 1.2 Shields
 + Level 0.6 Evocations


You had 8 spell levels left.
You didn't know any spells.
Your spell library contained the following spells:

 Spells                   Type           Power      Damage    Failure   Level
 Ensorcelled Hibernation  Hex/Ice        0%         N/A       43%         2
 Fugue of the Fallen      Necr           0%         N/A       67%         3
 Inner Flame              Hex/Fire       0%         N/A       67%         3
 Tukima's Dance           Hex            0%         N/A       67%         3
 Anguish                  Hex/Necr       0%         N/A       97%         4
 Dimensional Bullseye     Hex/Tloc       0%         N/A       97%         4
 Flame Wave               Conj/Fire      0%         2d4       97%         4
 Iskenderun's Mystic Bla  Conj/Tloc      0%         2d3       97%         4
 Olgreb's Toxic Radiance  Alch           0%         N/A       97%         4
 Sticky Flame             Fire/Alch      0%         2d4       97%         4
 Ozocubu's Refrigeration  Ice            0%         4d7       100%        7
 Discord                  Hex            0%         N/A       100%        8


Dungeon Overview and Level Annotations

Branches:
Dungeon (7/15)             Temple (0/1) D:6

Altars:
Okawaru
Trog
Wu Jian
Yredelemnul
Jiyva


Innate Abilities, Weirdness & Mutations

You are mostly covered in large bone plates. (SH +6)
You sometimes gain a little power by taking damage.
You are partially covered in sharp spines.
You have a small tail.
Your natural rate of healing is unusually fast.
Your body is covered in eyes which may confuse attackers. (Acc +7, SInv)
Your translucent skin slightly reduces your foes' accuracy. (Stealth+)
You have a small jelly attached to you that may absorb projectiles.


Message History

Unknown command.
Unknown command.
The manticore is no longer blind.
The manticore bites you. The manticore misses you. The manticore claws you.
Items here: )) [[ †.
Unknown command.
You are too injured to fight recklessly!
You are too injured to fight recklessly!
Unknown command.
Unknown command.
Unknown command.
You barely miss the manticore.
The manticore is severely wounded.
The manticore is struck by your spines. The manticore bites you!
You focus on the pain.
You feel mightier all of a sudden. You block the manticore's attack.
The manticore closely misses you.
Unknown command.
You hit the manticore.
The manticore is almost dead.
Unknown command.
Unknown command.
You hit the manticore.
The manticore is almost dead.
You block the manticore's attack. The manticore barely misses you.
The manticore claws you!
* * * LOW HITPOINT WARNING * * *
Unknown command.
Unknown command.
Things that are here:
a +0 heavy spear; a +0 ring mail; a gnoll corpse Unknown command.
Okay, then.
Okay, then.
You closely miss the cyan ugly thing.
Unknown command.
You barely miss the cyan ugly thing. The cyan ugly thing stings you!
* * * LOW HITPOINT WARNING * * *
The cyan ugly thing shocks you!
You die...

### ## .# #.... ........#.#
#.... ......#.#.# #.#.# ..
...#.#.#.# #.#.###
##.###.....#.######.#...#.
..#..##..#..............>.
.#.#..##...#.##...........
.#...#..##.......###.#.#...
#..#..#..#..#@...###....#.#...
.#.#..#.#..#.#u..........#.#...
..#..#...#..#H........##[#.#...
#.#..#)#..#.#..########.#.#...
#..#..#..#..#......# #.#.#...
## #..#...#..##l..##.# #.#.....
.# #..#.#..##....# #.###... .#
#..#..##..#... .###.#.
.####.### .. #.## #.....


You could see a cyan ugly thing, a manticore and an iguana.

Vanquished Creatures
  A deep elf pyromancer (D:7)
  A kobold demonologist (D:7)
  Grinder (D:4)
  Eustachio (D:5)
  A water moccasin (D:5)
  An ogre (D:6)
  A centaur (D:5)
  A bullfrog (D:6)
  A kobold brigand (D:5)
  A gnoll sergeant (D:7)
  2 scorpions
  2 bombardier beetles
  An orc priest (D:5)
  A hound (D:5)
  2 sleepcaps (D:6)
  An orc wizard (D:5)
  Robin (D:2)
  4 adders
  A shadow imp (D:7)
  2 ufetubi (D:6)
  3 dart slugs
  A ribbon worm (D:2)
  8 orcs
  3 ball pythons (D:1)
  5 hobgoblins
  2 jackals (D:3)
  3 quokkas
  2 bats
  A frilled lizard (D:1)
  11 goblins
  10 kobolds
76 creatures vanquished.

Vanquished Creatures (collateral kills)
  An orc warrior (D:6)
1 creature vanquished.

Vanquished Creatures (others)
  2 jellies
  A sleepcap (D:5)
  An endoplasm (D:3)
  A hobgoblin (D:4)
  2 kobolds (D:3)
  3 goblins
  A goblin zombie (D:3)
  A jackal zombie (D:3)
  A kobold zombie (D:3)
13 creatures vanquished.

Grand Total: 90 creatures vanquished

Notes
Turn   | Place    | Note
-------+----------+-------------------------------------------
     0 | D:1      | olmar the Demonspawn Gladiator began the quest for the Orb.
     0 | D:1      | Reached XP level 1. HP: 16/16 MP: 1/1
    84 | D:1      | Found a faded altar of an unknown god.
   125 | D:1      | Prayed at the altar of an unknown god.
   125 | D:1      | Became a worshipper of Jiyva Jylel the Shapeless
   125 | D:1      | Reached * piety under Jiyva
   377 | D:1      | Gained mutation: You are partially covered in large bone
                  | plates. (SH +4) [demonic ancestry]
   377 | D:1      | Reached XP level 2. HP: 22/22 MP: 2/2
   679 | D:2      | Noticed Robin
   735 | D:2      | Reached skill level 3 in Maces & Flails
   771 | D:2      | Killed Robin
   772 | D:2      | Reached XP level 3. HP: 28/28 MP: 3/3
   787 | D:2      | Reached ** piety under Jiyva
  1279 | D:3      | Reached *** piety under Jiyva
  1279 | D:3      | Gained mutation: Your natural rate of healing is unusually
                  | fast. [Jiyva's grace]
  1279 | D:3      | Gained mutation: You heal very quickly. [Jiyva's grace]
  1279 | D:3      | Gained mutation: You regenerate. [Jiyva's grace]
  1279 | D:3      | Gained mutation: Your translucent skin slightly reduces
                  | your foes' accuracy. (Stealth+) [Jiyva's grace]
  1340 | D:3      | Found a bloodstained altar of Trog.
  1533 | D:3      | Found a runed translucent door.
  1534 | D:3      | Noticed a human
  1538 | D:3      | Found a basalt altar of Yredelemnul.
  1894 | D:4      | Reached XP level 4. HP: 23/34 MP: 4/4
  2053 | D:4      | Noticed Grinder
  2078 | D:4      | Killed Grinder
  2079 | D:4      | Reached skill level 4 in Maces & Flails
  2079 | D:4      | Reached skill level 1 in Armour
  2079 | D:4      | Reached skill level 1 in Stealth
  2079 | D:4      | Reached XP level 5. HP: 41/41 MP: 5/5
  2079 | D:4      | Gained mutation: You are mostly covered in large bone
                  | plates. (SH +6) [demonic ancestry]
  2079 | D:4      | Reached XP level 6. HP: 47/47 MP: 6/6
  2232 | D:4      | Reached **** piety under Jiyva
  2500 | D:5      | Entered Level 5 of the Dungeon
  2538 | D:5      | Noticed Eustachio
  2575 | D:5      | Killed Eustachio
  2576 | D:5      | Reached skill level 1 in Shields
  2614 | D:5      | Gained mutation: You sometimes gain a little power by
                  | taking damage. [demonic ancestry]
  2614 | D:5      | Reached XP level 7. HP: 48/52 MP: 7/7
  2695 | D:5      | Found an ornate altar of the Wu Jian Council.
  2814 | D:5      | Found an iron altar of Okawaru.
  2963 | D:5      | Reached skill level 5 in Maces & Flails
  3200 | D:6      | Reached ***** piety under Jiyva
  3220 | D:6      | Reached skill level 6 in Maces & Flails
  3220 | D:6      | Gained mutation: You have a small tail. [demonic ancestry]
  3220 | D:6      | Reached XP level 8. HP: 61/61 MP: 8/8
  3372 | D:6      | Found a staircase to the Ecumenical Temple.
  3655 | D:6      | Reached skill level 5 in Fighting
  4025 | D:7      | Lost mutation: You regenerate. [Jiyva's grace]
  4025 | D:7      | Lost mutation: You heal very quickly. [Jiyva's grace]
  4025 | D:7      | Gained mutation: You have a small jelly attached to you
                  | that may absorb projectiles. [Jiyva's grace]
  4025 | D:7      | Gained mutation: Your body has grown eyes which may confuse
                  | attackers. (Acc +3) [Jiyva's grace]
  4025 | D:7      | Gained mutation: Your body has grown many eyes which may
                  | confuse attackers. (Acc +5) [Jiyva's grace]
  4025 | D:7      | Gained mutation: Your body is covered in eyes which may
                  | confuse attackers. (Acc +7, SInv) [Jiyva's grace]
  4162 | D:7      | Noticed a two-headed ogre
  4162 | D:7      | Noticed a troll
  4162 | D:7      | Noticed a deep elf pyromancer
  4163 | D:7      | Noticed a kobold demonologist
  4163 | D:7      | Noticed a cyan ugly thing
  4163 | D:7      | Noticed a kobold demonologist
  4165 | D:7      | Noticed a manticore
  4186 | D:7      | Noticed an orange demon
  4194 | D:7      | Killed a kobold demonologist
  4195 | D:7      | Reached skill level 7 in Maces & Flails
  4203 | D:7      | Killed a deep elf pyromancer
  4204 | D:7      | Reached skill level 8 in Maces & Flails
  4204 | D:7      | Gained mutation: You are partially covered in sharp spines.
                  | [demonic ancestry]
  4204 | D:7      | Reached XP level 9. HP: 35/69 MP: 9/9
  4211 | D:7      | Slain by a cyan ugly thing

Illustrated notes

Levels and vault maps discovered:
D:1:      nagdon_arrival_double_spiral, layout_basic,
          ebering_ecumenical_altar_sacrificial, chequers_serial_rivers_small_a,
          palyth_stone_intersect
D:2:      layout_rooms, basic_altar, minmay_misc_feat_iff, uniq_robin
D:3:      layout_loops_cross, overflow_temple_1_default, dk_yredelemnul_ordeal
D:4:      layout_basic, serial_glass, glass_columns_a, glass_columns_c,
          minmay_misc_feat_ornament, uniq_grinder
D:5:      layout_rooms, mainiacjoe_overflow_alcove_1, tso_metal_star,
          zin_statuary, hellmonk_okawaru_the_only_friend_you_need,
          roderic_serpentine_path, st_stairs_6, uniq_eustachio
D:6:      layout_basic, minmay_temple_entry_gardened_gates,
          nicolae_nh_ransacked_shop
D:7:      minmay_the_grid_octo_tiled_octocenter
          [minmay_the_grid_octo_vomiting_pacman, minmay_the_grid_octo_focus,
          minmay_the_grid_octo_concentric, minmay_the_grid_octo_thin_diamonds,
          minmay_the_grid_octo_prize_big_c, minmay_the_grid_square_5x5_six,
          minmay_the_grid_square_5x5_c, minmay_the_grid_square_5x5_percent,
          minmay_the_grid_square_5x5_spiral], layout_basic,
          nicolae_qazlal_beasts_of_the_sky, hangedman_decor_riveting,
          grunt_ministairs_12, roderic_batcave, minmay_misc_feat_columns

Skill      XL: |  1  2  3  4  5  6  7  8 |
---------------+-------------------------+-----
Dodging        | 3 4 |  4.0
Maces & Flails | 3 4 6 8 |  8.0
Fighting       | 3 4 5 |  5.9
Armour         | 1 2 3 |  3.6
Stealth        | 1 2 |  2.1
Throwing       | 2 |  2.0
Shields        | 1 |  1.2
Evocations     | |  0.6

Action                     |  1- 3 |  4- 6 |  7- 9 || total
---------------------------+-------+-------+-------++-------
  Melee: Flail             |   107 |    64 |   161 ||   332
         Punch             |     1 |       |       ||     1
         Tailslap          |       |       |     6 ||     6
  Throw: Throwing net      |     1 |     4 |     1 ||     6
         Dart              |       |       |    19 ||    19
  Evoke: Wand              |       |       |     4 ||     4
    Use: Scroll            |       |       |     6 ||     6
         Potion            |       |       |     3 ||     3
   Stab: Sleeping          |     3 |     2 |     1 ||     6
         Held in net/web   |     1 |     2 |       ||     3
         Confused          |       |       |     1 ||     1
 Armour: Leather armour    |    58 |    63 |   104 ||   225
  Dodge: Dodged            |    61 |    89 |   145 ||   295
  Block: Other             |    13 |    26 |    42 ||    81
